 Dungeon Crawl Stone Soup version 0.19.3-4-gbf9329e (webtiles) character file.

1775 Alarkh the Cleaver (level 8, -1/87 HPs)
             Began as a Demonspawn Monk on Jan 28, 2017.
             Was an Elder of Okawaru.
             Slain by an orc warrior
             ... wielding a +0 scimitar
              (7 damage)
             ... on level 6 of the Dungeon.
             The game lasted 00:11:11 (7120 turns).

Alarkh the Cleaver (Demonspawn Monk)                Turns: 7120, Time: 00:11:12

Health: -1/87      AC:  4    Str: 16    XL:     8   Next: 80%
Magic:  12/12      EV: 13    Int: 14    God:    Okawaru [****..]
Gold:   217        SH:  0    Dex: 16    Spells: 0 memorised, 7 levels left

rFire  . . .     SeeInvis .     a - +1 battleaxe
rCold  . . .     Gourm    .     b - +0 robe
rNeg   . . .     Faith    .     (shield currently unavailable)
rPois  +         Spirit   .     (no helmet)
rElec  .         Reflect  .     s - +0 cloak {+Inv}
rCorr  +         Harm     .     (gloves unavailable)
MR     .....                    B - +0 pair of boots
Stlth  ..........               h - amulet of rage
                                k - ring of poison resistance
                                y - ring of resist corrosion

@: mighty, berserking (expiring), very quick
A: claws 3, nightstalker 1, powered by pain 2
a: Heroism, Renounce Religion, Evoke Berserk Rage, Evoke Invisibility


You were on level 6 of the Dungeon.
You worshipped Okawaru.
Okawaru was greatly pleased with you.
You were very hungry.

You visited 1 branch of the dungeon, and saw 6 of its levels.

You collected 366 gold pieces.
You spent 149 gold pieces at shops.

Inventory:

Hand Weapons
 a - a +1 battleaxe (weapon)
Armour
 b - a +0 robe (worn)
 s - a +0 cloak of invisibility (worn)
 B - a +0 pair of boots (worn)
Jewellery
 h - an amulet of rage (around neck)
 k - a ring of poison resistance (right claw)
 y - a ring of resist corrosion (left claw)
Scrolls
 e - a scroll of identify
 j - 2 scrolls of immolation
 m - a scroll of noise
 n - a scroll of fear {unknown}
 o - a scroll of amnesia {unknown}
 q - 2 scrolls of remove curse
 v - a scroll of fog {unknown}
 w - a scroll of magic mapping {unknown}
Potions
 d - a potion of lignification
 g - 3 potions of curing
 i - a potion of agility
 l - 5 potions of heal wounds
 p - a potion of flight
 A - a potion of cancellation
Books
 u - a book of Dreams

   Spells                             Type                      Level
   a - Ensorcelled Hibernation        Hexes/Ice                    2
   b - Silence                        Hexes/Air                    5
   c - Darkness                       Hexes                        6
   d - Shadow Creatures               Summoning                    6
Comestibles
 c - 3 bread rations
 x - a royal jelly
 z - 2 meat rations


   Skills:
 - Level 3.0 Fighting
 * Level 9.1 Axes
 - Level 2.6 Dodging
 - Level 1.7 Stealth
 + Level 6.2 Evocations


You had 7 spell levels left.
You didn't know any spells.

Dungeon Overview and Level Annotations

Branches:
Dungeon (6/15)             Temple (0/1) D:4

Altars:
Ashenzari
Cheibriados
Fedhas
Hepliaklqana
Kikubaaqudgha
Okawaru
Trog
Yredelemnul
Zin
The Shining One

Shops:
D:5 *

Annotations:
D:4 1 exclusion
D:6 Dowan


Innate Abilities, Weirdness & Mutations

You have claws for hands.
You are slightly more attuned to the shadows.
You sometimes gain power by taking damage.


Message History

You completely miss the orc warrior.
The orc warrior hits you with a scimitar.
You barely miss the orc warrior.
The orc warrior hits you with a scimitar!
* * * LOW HITPOINT WARNING * * *
You slice the orc warrior!!
The orc warrior is almost dead.
You closely miss the orc warrior.
The orc warrior is almost dead.
The orc hits you but does no damage.
The orc warrior hits you with a scimitar!
* * * LOW HITPOINT WARNING * * *
Items here: ) [[ †† a leather armour; a dagger; a robe; an orc corpse x2
You slice the orc!!
You kill the orc!
Okawaru accepts your kill.
You closely miss the orc warrior.
The orc warrior hits you with a scimitar!
You die...

..# #####..##
...###........ ##
#............ .#
#....##...## ##.#
#...###..## #...
#.......# #..##
##.......## #[.#
#..####...# #@##
#..# ###..#
#o.####.## ...
##p..#..# #.. ###
#......# ..
##.####.....## .z
#.#..........###..
#
#..#####...)......#
#### #...##...###
##..# ..##


You could see an orc warrior and a neutral freed slave (wandering).

Vanquished Creatures
  Pikel (D:6)
  A hungry ghost (D:3)
  Menkaure (D:6)
  Edmund (D:4)
  A sky beast (D:5)
  2 slaves (D:6)
  An ogre (D:5)
  2 centaurs
  A bullfrog (D:6)
  A scorpion (D:5)
  An electric eel (D:6)
  A hound (D:6)
  An orc priest (D:4)
  2 orc wizards
  4 worker ants
  A hound zombie (D:5)
  A hound skeleton (D:4)
  9 adders
  2 oozes
  3 worms
  An adder skeleton (D:5)
  A dart slug (D:3)
  A leopard gecko (D:1)
  5 orcs
  2 ball pythons
  8 giant cockroaches
  16 goblins
  9 hobgoblins
  6 jackals
  14 kobolds
  A quokka (D:5)
  6 bats
  7 frilled lizards
  A leopard gecko zombie (D:5)
  5 rats
120 creatures vanquished.

Vanquished Creatures (others)
  A big kobold (D:6)
  A hound (D:6)
  An iguana (D:6)
  4 kobolds (D:6)
7 creatures vanquished.

Grand Total: 127 creatures vanquished

Notes
Turn   | Place    | Note
-------+----------+-------------------------------------------
     0 | D:1      | Alarkh the Demonspawn Monk began the quest for the Orb.
     0 | D:1      | Reached XP level 1. HP: 18/18 MP: 1/1
   133 | D:1      | Reached skill level 3 in Axes
   416 | D:1      | Gained mutation: You are slightly more attuned to the shadows. [demonic ancestry]
   416 | D:1      | Reached XP level 2. HP: 24/24 MP: 2/2
  1209 | D:2      | Gained mutation: You have sharp fingernails. [demonic ancestry]
  1209 | D:2      | Reached XP level 3. HP: 24/29 MP: 3/3
  1503 | D:2      | Found an iron altar of Okawaru.
  1510 | D:2      | Became a worshipper of Warmaster Okawaru
  1510 | D:2      | Reached * piety under Okawaru
  1510 | D:2      | Reached ** piety under Okawaru
  1589 | D:2      | Found a faded altar of an unknown god.
  1750 | D:2      | Reached skill level 4 in Axes
  1999 | D:2      | Reached skill level 1 in Evocations
  2698 | D:2      | Gained mutation: You have very sharp fingernails. [demonic ancestry]
  2698 | D:2      | Reached XP level 4. HP: 32/35 MP: 4/4
  3070 | D:3      | Noticed a hungry ghost
  3678 | D:3      | Killed a hungry ghost
  3678 | D:3      | Reached skill level 5 in Axes
  3678 | D:3      | Gained mutation: You sometimes gain a little power by taking damage. [demonic ancestry]
  3678 | D:3      | Reached XP level 5. HP: 41/41 MP: 3/7
  3794 | D:4      | Reached XP level 6. HP: 20/47 MP: 8/8
  4017 | D:4      | Noticed Edmund
  4030 | D:4      | Killed Edmund
  4068 | D:4      | Reached skill level 6 in Axes
  4077 | D:4      | Found a basalt altar of Yredelemnul.
  4344 | D:4      | Reached *** piety under Okawaru
  4351 | D:4      | Found a glowing golden altar of the Shining One.
  4351 | D:4      | Found a bloodstained altar of Trog.
  4356 | D:4      | Found a bloodstained altar of Trog.
  4356 | D:4      | Found a hazy altar of Hepliaklqana.
  4357 | D:4      | Found an ancient bone altar of Kikubaaqudgha.
  4357 | D:4      | Found a glowing silver altar of Zin.
  4359 | D:4      | Found an ancient bone altar of Kikubaaqudgha.
  4359 | D:4      | Found a shattered altar of Ashenzari.
  4361 | D:4      | Found a basalt altar of Yredelemnul.
  4361 | D:4      | Found a blossoming altar of Fedhas.
  4362 | D:4      | Found a snail-covered altar of Cheibriados.
  4362 | D:4      | Found a hazy altar of Hepliaklqana.
  4364 | D:4      | Found a staircase to the Ecumenical Temple.
  4823 | D:4      | Reached XP level 7. HP: 27/52 MP: 8/10
  5001 | D:5      | Entered Level 5 of the Dungeon
  5050 | D:5      | Found a glowing golden altar of the Shining One.
  5062 | D:5      | Found Silarad's General Store.
  5069 | D:5      | Bought a +0 cloak of invisibility for 149 gold pieces
  5248 | D:5      | Reached skill level 7 in Axes
  5375 | D:5      | Gained mutation: You have claws for hands. [potion of beneficial mutation]
  5596 | D:6      | Noticed Menkaure
  5602 | D:6      | Killed Menkaure
  5714 | D:6      | Reached skill level 5 in Evocations
  5714 | D:6      | Gained mutation: You sometimes gain power by taking damage. [demonic ancestry]
  5714 | D:6      | Reached XP level 8. HP: 22/58 MP: 11/11
  5996 | D:6      | Noticed Pikel
  6202 | D:6      | Killed Pikel
  6202 | D:6      | Reached **** piety under Okawaru
  6202 | D:6      | Reached skill level 8 in Axes
  7031 | D:6      | Noticed Dowan
  7084 | D:6      | Reached skill level 9 in Axes
  7120 | D:6      | Slain by an orc warrior

Skill      XL: |  1  2  3  4  5  6  7  8 |
---------------+-------------------------+-----
Axes           | 3 4 5 6 7 9 |  9.1
Evocations     | 1 2 4 5 6 |  6.2
Fighting       | |  3.0
Dodging        | |  2.6
Stealth        | |  1.7

Action                   |  1- 3 |  4- 6 |  7- 9 || total
-------------------------+-------+-------+-------++-------
Melee: Hand axe          |   211 |   190 |   142 ||   543
       Battleaxe         |       |       |    15 ||    15
Invok: Heroism           |       |     1 |       ||     1
 Abil: Evoke Berserk Rag |     2 |     4 |     9 ||    15
       Evoke Invisibilit |       |       |     1 ||     1
  Use: Potion            |     2 |       |     1 ||     3
       Scroll            |     1 |     1 |     9 ||    11
 Stab: Sleeping          |     6 |     6 |     3 ||    15
       Distracted        |     1 |       |       ||     1
       Invisible         |       |       |     2 ||     2
  Eat: Chunk             |     8 |    11 |    13 ||    32
       Pizza             |       |       |     1 ||     1
       Beef jerky        |       |       |     1 ||     1
Armor: Robe              |    24 |    21 |    24 ||    69
       Skin              |    26 |       |       ||    26
Dodge: Dodged            |   127 |   115 |    94 ||   336
